 Dungeon Crawl Stone Soup version 0.32-a0-960-g3814254bd7 (webtiles) character file.

Game seed: 10585458076011747235

529 Fodor the Chopper (level 7, -7/60 HPs)
             Began as a Minotaur Fighter on Apr 17, 2024.
             Mangled by a gnoll
             ... wielding a +0 halberd
             ... led by a gnoll bouda
              (11 damage)
             ... on level 5 of the Dungeon.
             The game lasted 00:09:20 (3050 turns).

Fodor the Chopper (Minotaur Fighter)                Turns: 3050, Time: 00:09:21

Health: -7/60      AC:  8    Str: 18 (21) XL:     7   Next: 3%
Magic:  0/6        EV:  8    Int:  6 (7)  God:
Gold:   178        SH:  4    Dex:  8 (9)  Spells: 6/6 levels left

rFire   . . .        a - +0 war axe
rCold   . . .        c - +0 buckler
rNeg    . . .        b - +0 scale mail
rPois   .            (helmet restricted)
rElec   .            (no cloak)
rCorr   +            g - +0 pair of gloves
SInv    .            (no boots)
Will    .....        n - amulet of guardian spirit Stlth
                     i - ring of resist corrosion
HPRegen 0.30/turn    (no ring)
MPRegen 0.10/turn

%: guardian spirit
@: no status effects
A: horns 2, retaliatory headbutt
a: no special abilities


You were on level 5 of the Dungeon.
You visited 1 branch of the dungeon, and saw 5 of its levels.

You collected 178 gold pieces.

Inventory:

Hand Weapons
 a - a +0 war axe (weapon)
 v - a +0 orcbow
Missiles
 t - 4 javelins (quivered)
 B - 2 throwing nets
Armour
 b - a +0 scale mail (worn)
 c - a +0 buckler (worn)
 g - a +0 pair of gloves (worn)
Jewellery
 i - a ring of resist corrosion (left hand)
 n - an amulet of guardian spirit (around neck)
Talismans
 e - a dragon-blood talisman
 p - a flux talisman
Wands
 u - a wand of flame (28)
Scrolls
 f - a scroll of vulnerability {unknown}
 k - a scroll of poison {unknown}
 l - 3 scrolls of identify {unknown}
 m - a scroll of fog {unknown}
 q - 2 scrolls of enchant weapon {unknown}
 x - a scroll of revelation {unknown}
 y - a scroll of teleportation {unknown}
 A - a scroll of fear {unknown}
Potions
 d - 2 potions of might
 h - a potion of curing {unknown}
 j - a potion of ambrosia {unknown}
 o - 2 potions of invisibility
 r - a potion of berserk rage {unknown}
 s - a potion of mutation {unknown}
 z - a potion of lignification {unknown}
 C - a potion of degeneration


   Skills:
 + Level 4.5 Fighting
 + Level 6.7 Axes
 + Level 0.5 Throwing
 + Level 5.2 Armour
 + Level 1.5 Dodging
 + Level 0.2 Stealth
 + Level 4.9 Shields


You had 6 spell levels left.
You didn't know any spells.
Your spell library was empty.

Dungeon Overview and Level Annotations

Branches:
Dungeon (5/15)
 Temple: D:4-7

Altars:
Hepliaklqana
Okawaru
Uskayaw
Wu Jian
Yredelemnul

Shops:
D:2 (


Innate Abilities, Weirdness & Mutations

You have a pair of horns on your head.
You reflexively headbutt those who attack you in melee.


Message History

It was a potion of heal wounds.
You feel much better.
The gnoll bouda hits you but does no damage.
You block the gnoll's attack. The gnoll hits you with a +0 flail.
The gnoll hits you from afar with a +0 halberd.
Okay, then.
The gnoll bouda attacks as it pursues you!
The gnoll bouda barely misses you. The gnoll barely misses you.
The gnoll hits you with a +0 halberd.
You see here a +0 whip.
Unknown command.
You closely miss the gnoll. Your headbutt misses the gnoll.
The gnoll is lightly wounded.
You hit the gnoll bouda. You hit the gnoll. x2
Your attacks no longer feel as feeble.
The gnoll closely misses you. You furiously retaliate!
You headbutt the gnoll, but do no damage.
The gnoll bouda hits you with a +0 whip.
The gnoll hits you but does no damage. The gnoll barely misses you.
The gnoll hits you with a +0 flail.
You slash the gnoll!
The gnoll is almost dead.
You slash the gnoll! You hit the gnoll.
You kill the gnoll!
You hit the gnoll bouda.
The gnoll bouda hits you but does no damage.
The gnoll hits you with a +0 halberd. The gnoll hits you with a +0 flail.
The gnoll bouda barely misses you.
You hit the gnoll but do no damage. Your headbutt misses the gnoll.
The gnoll is almost dead.
You hit the gnoll. You hit the gnoll bouda.
The gnoll hits you with a +0 halberd!
* * * LOW HITPOINT WARNING * * *
The gnoll hits you with a +0 flail.
* * * LOW HITPOINT WARNING * * *
The gnoll bouda hits you but does no damage.
You completely miss the gnoll. Your headbutt misses the gnoll.
The gnoll is almost dead.
You closely miss the gnoll. You barely miss the gnoll bouda.
The gnoll hits you with a +0 halberd!
You die...

.........#
.........+
.........# .......#
......## #.....#
#.gg..+ #.)@..#
..... #.g...# .....
#.....######.....
#..............#
#..............#
#..............# _.
#..............# ..
#..............# .#
#.....####'#...###.#


You could see a gnoll bouda and 2 gnolls.

Vanquished Creatures
  A centaur (D:3)
  A bombardier beetle (D:4)
  A hound (D:4)
  A jelly (D:5)
  Jessica (D:2)
  Natasha (thrice) (D:2)
  Robin (D:2)
  3 adders
  13 gnolls
  A shadow imp (D:5)
  A white imp (D:4)
  3 dart slugs
  A ribbon worm (D:5)
  8 orcs
  4 ball pythons
  An endoplasm (D:1)
  2 giant cockroaches
  6 goblins
  11 hobgoblins
  6 kobolds
  6 bats
  A frilled lizard (D:1)
  6 rats
  A butterfly (D:2)
83 creatures vanquished.

Notes
Turn   | Place    | Note
-------+----------+-------------------------------------------
     0 | D:1      | Fodor the Minotaur Fighter began the quest for the Orb.
     0 | D:1      | Reached XP level 1. HP: 19/19 MP: 0/0
   187 | D:1      | Reached XP level 2. HP: 27/27 MP: 1/1
   610 | D:2      | Found Zuihaeji's Weapon Shop.
   636 | D:2      | Noticed Robin
   648 | D:2      | Killed Robin
   649 | D:2      | Reached skill level 3 in Axes
   649 | D:2      | Reached XP level 3. HP: 29/33 MP: 2/2
   763 | D:2      | Noticed Jessica
   766 | D:2      | Killed Jessica
   858 | D:2      | Found a faded altar of an unknown god.
  1112 | D:2      | Noticed Natasha
  1116 | D:2      | Killed Natasha
  1117 | D:2      | Reached XP level 4. HP: 40/40 MP: 3/3
  1132 | D:2      | Noticed Natasha
  1136 | D:2      | Killed Natasha
  1137 | D:2      | Reached skill level 4 in Axes
  1161 | D:2      | Noticed Natasha
  1168 | D:2      | Killed Natasha
  1169 | D:2      | Reached XP level 5. HP: 31/46 MP: 4/4
  1588 | D:3      | Reached skill level 1 in Dodging
  1631 | D:3      | Reached skill level 5 in Axes
  1658 | D:3      | Noticed a +0 falchion
  1658 | D:3      | Noticed a +0 dagger
  1659 | D:3      | Noticed a +0 short sword
  1659 | D:3      | Noticed a +0 falchion
  1660 | D:3      | Noticed a +0 spear
  1660 | D:3      | Noticed a +0 short sword
  1660 | D:3      | Noticed a +0 spear
  1661 | D:3      | Noticed a +0 dagger
  1662 | D:3      | Found a hide-covered altar of Uskayaw.
  1754 | D:3      | Noticed a centaur
  1762 | D:3      | Killed a centaur
  1763 | D:3      | Reached XP level 6. HP: 23/53 MP: 2/5
  2405 | D:4      | Found an ornate altar of the Wu Jian Council.
  2406 | D:4      | Found a hazy altar of Hepliaklqana.
  2407 | D:4      | Found a basalt altar of Yredelemnul.
  2502 | D:4      | Reached skill level 5 in Armour
  2588 | D:4      | Reached skill level 6 in Axes
  2909 | D:5      | Entered Level 5 of the Dungeon
  3006 | D:5      | Found an iron altar of Okawaru.
  3044 | D:5      | Reached XP level 7. HP: 13/60 MP: 1/6
  3049 | D:5      | HP: 3/60 [gnoll/+0 flail[a gnoll bouda] (6)]
  3050 | D:5      | Mangled by a gnoll

Illustrated notes

Levels and vault maps discovered:
D:1:      dpeg_arrival_another_circle, layout_basic
D:2:      layout_basic, serial_shops, shop, chequers_ecumenical_altar_island,
          hangedman_glass_garden, uniq_natasha, uniq_jessica, uniq_robin
D:3:      layout_rooms, nicolae_uskayaw_en_pointe
D:4:      layout_loops_ring, gammafunk_temple_overflow_claw
D:5:      layout_gridville, mainiacjoe_overflow_alcove_2,
          nicolae_shop_i_like_small_books_too

Skill      XL: |  1  2  3  4  5  6 |
---------------+-------------------+-----
Armour         | 4 5 |  5.2
Shields        | 4 |  4.9
Axes           | 3 4 5 6 |  6.7
Fighting       | 4 |  4.5
Dodging        | 1 |  1.5
Throwing       | |  0.5
Stealth        | |  0.2

Action                     |  1- 3 |  4- 6 |  7- 9 || total
---------------------------+-------+-------+-------++-------
  Melee: War axe           |    64 |   119 |     4 ||   187
         Headbutt          |     9 |    16 |       ||    25
  Throw: Javelin           |       |     2 |       ||     2
    Use: Potion            |       |       |     2 ||     2
 Armour: Scale mail        |    55 |   114 |    16 ||   185
  Dodge: Dodged            |    37 |    46 |     7 ||    90
  Block: Buckler           |    20 |    41 |     1 ||    62

Table legend: (Time is in decaauts)
 A = Elapsed time spent in this place.
 B = Non-inter-level travel time spent in this place.
 C = Inter-level travel time spent in this place.
 D = Time resting spent in this place.
 E = Time spent auto-exploring this place.
 F = Levels seen in this place.
 G = Mean time per level.
                   A        B        C        D        E       F      G
               +--------+--------+--------+--------+--------+-----+--------+
         Total |   3130 |   3092 |     38 |      4 |   2036 |   5 |  626.0 |
       Dungeon |   3130 |   3092 |     38 |      4 |   2036 |   5 |  626.0 |
               +--------+--------+--------+--------+--------+-----+--------+

Top non-repeatable levels by time:
     D:2: 1021 daAuts
     D:3: 751 daAuts
     D:1: 608 daAuts
     D:4: 604 daAuts
     D:5: 145 daAuts
